 Dungeon Crawl Stone Soup version 0.31-a0-187-gba352fbbf7 (webtiles) character file.

Game seed: 16380084847387431425

324 qw the Skirmisher (level 6, -7/35 HPs)
             Began as a Deep Elf Hunter on June 22, 2023.
             Was an Initiate of Okawaru.
             Mangled by a gnoll
             ... wielding a +0 halberd
              (11 damage)
             ... on level 4 of the Dungeon.
             The game lasted 00:01:17 (3041 turns).

qw the Skirmisher (Deep Elf Hunter)                 Turns: 3041, Time: 00:01:18

Health: -7/35      AC:  7    Str: 13 (16) XL:     6   Next: 23%
Magic:  8/8        EV: 11    Int: 13 (14) God:    Okawaru [......]
Gold:   381        SH:  0    Dex: 18      Spells: 5/5 levels left

rFire   . . .        Y - +0 shortbow
rCold   + . .        (shield currently unavailable)
rNeg    . . .        h - +0 ring mail
rPois   .            (no helmet)
rElec   .            e - +0 cloak
rCorr   .            (no gloves)
SInv    .            k - +0 pair of boots
Will    .....        j - amulet of faith
Stlth   +            c - ring of protection from cold
HPRegen 0.25/turn    g - +6 ring of strength
MPRegen 0.11/turn

%: faith
@: no status effects
A: no striking features
a: Renounce Religion


You were on level 4 of the Dungeon.
You worshipped Okawaru.
Okawaru was noncommittal.
You visited 2 branches of the dungeon, and saw 5 of its levels.

You collected 1369 gold pieces.
You spent 988 gold pieces at shops.


   Skills:
 - Level 2.0 Fighting
 + Level 9.1 Ranged Weapons
 - Level 1.2 Armour
 - Level 3.0 Dodging
 - Level 1.2 Stealth


You had 5 spell levels left.
You didn't know any spells.
Your spell library was empty.

Inventory:

Hand Weapons
 Y - a +0 shortbow (weapon)
Armour
 e - a +0 cloak (worn)
 h - a +0 ring mail (worn)
 k - a +0 pair of boots (worn)
Jewellery
 a - the ring "Urghiema" {Ice Will- Str+3}
   (You acquired it on level 1 of the Dungeon)

   [ring of ice]

   It enhances your ice magic.
   Str:       It affects your strength (+3).
   rF:        It makes you vulnerable to fire.
   rC:        It protects you from cold.
   Will:      It decreases your willpower.
 c - a ring of protection from cold (left hand)
 g - a +6 ring of strength (right hand)
 j - an amulet of faith (around neck)
Potions
 d - a potion of berserk rage {unknown}
 f - a potion of heal wounds {unknown}
 i - a potion of mutation {unknown}
 l - a potion of enlightenment {unknown}
 m - a potion of haste {unknown}
 n - a potion of curing {unknown}

Dungeon Overview and Level Annotations

Branches:
Dungeon (4/15)             Temple (1/1) D:4

Altars:
Ashenzari
Dithmenos
Elyvilon
Fedhas
Gozag
Hepliaklqana
Kikubaaqudgha
Makhleb
Nemelex Xobeh
Okawaru
Ru
Sif Muna
Trog
Vehumet
Wu Jian
Yredelemnul
Zin
The Shining One

Shops:
D:2 =

Annotations:
D:4 exclusion: gnoll, Pikel


Message History

The gnoll hits you from afar with a +0 halberd!
You shoot an arrow.
The arrow hits the gnoll but does no damage.
The gnoll is moderately wounded.
The gnoll hits you from afar with a +0 halberd!
Enter note:
Enter note:
Enter note:
Enter note:
Enter note:
Enter note: The gnoll barely misses you.
Enter note:
Enter note:
Enter note:
Enter note:
Enter note:
Enter note:
Enter note: The gnoll closely misses you.
Enter note:
Enter note:
Enter note:
Enter note:
Enter note:
Enter note:
Enter note:
Enter note:
Enter note:
Enter note: You start resting.
A gnoll is nearby!
You shoot an arrow. The arrow closely misses the gnoll.
The gnoll hits you with a +0 halberd!
You shoot an arrow. The arrow hits the gnoll.
The gnoll is heavily wounded.
The gnoll closely misses you.
You shoot an arrow. The arrow barely misses the gnoll.
The gnoll hits you with a +0 halberd!
You die...

#.# #.##.# #.# ###....###h#
#.# ######......)gK..... #.##
#......####.##5.P.P.
#.#.#####.##.######..#..~~~~.
.###...# ###'### .#..#.P.... #
#.##.###.....# #!..#..~~~~ .#
#.#.....#.}.}.###.....P....
.##
#.#.#.#.+..>..+@#.g...........
#.......#.}.}.#.g##.##>###...
###.#.#.#.....#.....##.###.#
#.^...###'######.........#
###.##.#.)######.........#
#...................##.#
####...############.#
#######.#.### #########.##.#
#...........# #............#


You could see a gnoll.

Vanquished Creatures
  A lemure (D:4)
  A phantom (D:4)
  2 hounds
  A jelly (D:4)
  A gnoll (D:4)
  6 adders
  An ufetubus (D:3)
  A worm (D:2)
  3 dart slugs
  7 orcs
  8 ball pythons
  7 endoplasms
  5 giant cockroaches
  9 goblins
  3 hobgoblins
  6 quokkas
  6 bats
  A frilled lizard (D:3)
  8 kobolds
  9 rats
86 creatures vanquished.

Notes
Turn   | Place    | Note
-------+----------+-------------------------------------------
     0 | D:1      | qw the Deep Elf Hunter began the quest for the Orb.
     0 | D:1      | Reached XP level 1. HP: 12/12 MP: 3/3
     0 | D:1      | 0 ||| qw: Version: 0.3-a-9-g12657ce
     0 | D:1      | 0 ||| qw: Game counter: 1934
     0 | D:1      | 0 ||| qw: Always use a shield: true
     0 | D:1      | 0 ||| qw: God list: Okawaru
     0 | D:1      | 0 ||| qw: Allow faded altars: false
     0 | D:1      | 0 ||| qw: Do Orc after D:15 true
     0 | D:1      | 0 ||| qw: Do second Lair branch before Depths: true
     0 | D:1      | 0 ||| qw: Lair rune preference: random
     0 | D:1      | 0 ||| qw: Plans: Normal
     0 | D:1      | 0 ||| PLANNING D:1-11
   284 | D:1      | Reached XP level 2. HP: 16/16 MP: 4/4
   296 | D:1      | Reached skill level 6 in Ranged Weapons
   619 | D:1      | Reached XP level 3. HP: 20/20 MP: 5/5
   812 | D:1      | 812 ||| UPGRADING to +0 scale mail.
   822 | D:1      | 822 ||| DROPPING +0 leather armour.
   823 | D:1      | 823 ||| UPGRADING to +0 ring mail.
   833 | D:1      | 833 ||| DROPPING +0 scale mail.
   834 | D:1      | 834 ||| DROPPING +1 leather armour of willpower.
   835 | D:1      | 835 ||| READING scroll labelled JIPOCE KANOZOO.
   840 | D:1      | 840 ||| READING 2 scrolls labelled ERIG HUARISUIT.
   840 | D:1      | Identified 2 scrolls of acquirement
   840 | D:1      | 840 ||| ACQUIRING ring "Urghiema" {Ice Will- Str+3}
   840 | D:1      | Acquired the ring "Urghiema" {Ice Will- Str+3}
   842 | D:1      | 842 ||| READING scroll of acquirement.
   842 | D:1      | 842 ||| ACQUIRING 1148 gold pieces
   842 | D:1      | Acquired 1148 gold pieces
   844 | D:1      | 844 ||| READING scroll labelled ELIORA JELOV.
   845 | D:1      | 845 ||| DROPPING scroll of butterflies.
   890 | D:2      | Found Iqamakk's Jewellery Shop.
   999 | D:2      | Reached skill level 7 in Ranged Weapons
  1028 | D:2      | 1028 ||| BUYING +6 ring of strength (468 gold).
  1028 | D:2      | Bought a +6 ring of strength for 468 gold pieces
  1028 | D:2      | 1028 ||| BUYING amulet of faith (520 gold).
  1028 | D:2      | Bought an amulet of faith for 520 gold pieces
  1028 | D:2      | 1028 ||| SHOPLISTING amulet of the acrobat (390 gold, have
                  | 233).
  1028 | D:2      | 1028 ||| SHOPLISTING ring of positive energy (260 gold,
                  | have 233).
  1028 | D:2      | 1028 ||| SHOPLISTING ring of protection from fire (325
                  | gold, have 233).
  1028 | D:2      | 1028 ||| SHOPLISTING ring of the Peasants {*Corrode rElec
                  | rF+ rN+ Int+6} (722 gold, have 233).
  1046 | D:2      | 1046 ||| FLEEEEING.
  1184 | D:2      | You fall into a shaft and drop 1 floor!
  1344 | D:3      | 1344 ||| UPGRADING to amulet of faith.
  1349 | D:3      | 1349 ||| UPGRADING to ring of protection from cold.
  1350 | D:3      | 1350 ||| UPGRADING to +6 ring of strength.
  1351 | D:3      | 1351 ||| READING scroll labelled WAKIOXYQYR.
  1352 | D:3      | 1352 ||| READING scroll labelled EBAJOA XEYTOT.
  1353 | D:3      | 1353 ||| READING scroll labelled JEKUUTA YCHA.
  1463 | D:2      | Reached XP level 4. HP: 25/25 MP: 6/6
  1619 | D:3      | Reached skill level 8 in Ranged Weapons
  1787 | D:3      | Identified the +9 dagger "Zudghenu" {venom, *Corrode +Blink
                  | Str-3 Int+8}
  2085 | D:3      | Reached XP level 5. HP: 29/29 MP: 7/7
  2296 | D:3      | 2296 ||| UPGRADING to +0 cloak.
  2301 | D:3      | 2301 ||| READING scroll labelled NIMMAT DASI.
  2302 | D:3      | 2302 ||| READING scroll labelled INEFUR TIYLI.
  2403 | D:3      | 2403 ||| DRINKING 2 metallic puce potions.
  2404 | D:3      | 2404 ||| DRINKING 2 pink potions.
  2405 | D:3      | 2405 ||| DROPPING potion of degeneration.
  2406 | D:3      | 2406 ||| DROPPING potion of attraction.
  2449 | D:4      | Noticed a phantom
  2459 | D:4      | Killed a phantom
  2460 | D:4      | Reached skill level 9 in Ranged Weapons
  2462 | D:4      | 2462 ||| FLEEEEING.
  2463 | D:4      | 2463 ||| FLEEEEING.
  2464 | D:4      | 2464 ||| FLEEEEING.
  2465 | D:4      | 2465 ||| STAIRDANCE
  2567 | D:4      | Found a staircase to the Ecumenical Temple.
  2568 | D:4      | 2568 ||| PLANNING TEMPLE
  2573 | D:4      | 2573 ||| UPGRADING to +0 pair of boots.
  2583 | Temple   | Entered the Ecumenical Temple
  2584 | Temple   | 2584 ||| PLANNING OKAWARU WORSHIP
  2664 | Temple   | Became a worshipper of Warmaster Okawaru
  2665 | Temple   | 2665 ||| PLANNING D:1-11
  2708 | D:4      | Reached skill level 3 in Dodging
  2708 | D:4      | Reached XP level 6. HP: 35/35 MP: 8/8
  2717 | D:4      | Noticed Pikel
  2741 | D:4      | HP: 8/35 [gnoll/+0 halberd (7)]
  2742 | D:4      | 2742 ||| READING scroll of teleportation.
  2743 | D:4      | HP: 3/35 [gnoll/+0 halberd (6)]
  2745 | D:4      | 2745 ||| FLEEEEING.
  2749 | D:4      | 2749 ||| FLEEEEING.
  2751 | D:4      | 2751 ||| FLEEEEING.
  2752 | D:4      | 2752 ||| FLEEEEING.
  2753 | D:4      | 2753 ||| FLEEEEING.
  2754 | D:4      | 2754 ||| FLEEEEING.
  2755 | D:4      | 2755 ||| FLEEEEING.
  2756 | D:4      | 2756 ||| FLEEEEING.
  2757 | D:4      | 2757 ||| FLEEEEING.
  2758 | D:4      | 2758 ||| STAIRDANCE
  2873 | D:4      | 2873 ||| STAIRDANCE
  2919 | D:4      | 2919 ||| STAIRDANCE
  3025 | D:4      | Reached skill level 1 in Armour
  3039 | D:4      | HP: 3/35 [gnoll/+0 halberd (13)]
  3041 | D:4      | Mangled by a gnoll

Levels and vault maps discovered:
D:1:      dpeg_arrival_tiny_g, layout_loops_corners
D:2:      layout_rooms, serial_shops, nicolae_shop_peninsula
D:3:      layout_basic
D:4:      layout_loops_ring, minmay_temple_entry_hall, serial_shops,
          kennysheep_little_box, dreamdust_gnoll_farm, uniq_pikel, uniq_menkaure
Temple:   dpeg_three_leaves_temple

Skill      XL: |  1  2  3  4  5  6 |
---------------+-------------------+-----
Ranged Weapons | 6 7 8 9 |  9.1
Fighting       | 2 |  2.0
Dodging        | 3 |  3.0
Armour         | 1 |  1.2
Stealth        | |  1.2

Action                     |  1- 3 |  4- 6 || total
---------------------------+-------+-------++-------
   Fire: Shortbow          |   135 |   134 ||   269
    Use: Scroll            |     7 |     3 ||    10
         Potion            |       |     2 ||     2
 Armour: Leather armour    |     5 |       ||     5
         Ring mail         |     9 |    16 ||    25
  Dodge: Dodged            |    23 |    43 ||    66

Table legend:
 A = Non-vault XP
 B = Vault XP
 C = Vault XP percentage of total XP
 D = Non-vault monster count
 E = Vault monster count
 F = Vault count percentage of total count
                 A         B        C        D         E       F
            +---------+---------+-------+---------+---------+-------
      Total |     409 |      54 |  11.7 |      83 |       2 |   2.4
            +---------+---------+-------+---------+---------+-------
        D:1 |      49 |       0 |   0.0 |      30 |       0 |   0.0
        D:2 |      46 |       0 |   0.0 |      20 |       0 |   0.0
        D:3 |     111 |       0 |   0.0 |      21 |       0 |   0.0
        D:4 |     203 |      54 |  21.0 |      12 |       2 |  14.3
            +---------+---------+-------+---------+---------+-------
